 Dungeon Crawl Stone Soup version 0.20.1-1-g8b1a95d (webtiles) character file.

227 pstr the Digger (level 6, 0/72 HPs)
             Began as a Kobold Earth Elementalist on Dec 2, 2017.
             Was an Initiate of Elyvilon.
             Slain by Pikel
             ... wielding a +0 whip of freezing
              (1 damage)
             ... on level 4 of the Dungeon.
             The game lasted 00:13:02 (4069 turns).

pstr the Digger (Kobold Earth Elementalist)         Turns: 4069, Time: 00:13:02

Health: 0/72       AC: 23    Str: 11    XL:     6   Next: 22%
Magic:  6/12       EV:  3    Int: 18    God:    Elyvilon [......]
Gold:   119        SH:  0    Dex: 15    Spells: 7/13 levels left

rFire    . . .     SeeInvis .   y - +3 hand axe (flame)
rCold    . . .     Gourm    .   (shield restricted)
rNeg     + + +     Faith    .   (armour currently unavailable)
rPois    +         Spirit   .   (helmet currently unavailable)
rElec    .         Reflect  .   (cloak currently unavailable)
rCorr    .         Harm     .   (gloves currently unavailable)
MR       +....     NoTele   +   (boots currently unavailable)
Stlth    ..........             (no amulet)
Regen    0.3/turn               p - ring of protection from magic
MPRegen  0.2/turn               w - ring of positive energy

@: berserking (expiring), tree-form, very slightly contaminated, very quick
A: carnivore 3
a: Renounce Religion


You were on level 4 of the Dungeon.
You worshipped Elyvilon.
Elyvilon was noncommittal.
You were very full.
You were a tree.
You visited 2 branches of the dungeon, and saw 4 of its levels.
You also visited: Sewer.

You collected 119 gold pieces.

Inventory:

Hand Weapons
 i - a +0 club
 t - a +1 dagger of protection
 y - a +3 hand axe of flaming (weapon)
Missiles
 b - 25 stones (quivered)
Armour
 c - a +0 robe
 h - a cursed +0 leather armour (melded)
 k - a +0 hat (melded)
 o - a +0 helmet
 u - a cursed +0 cloak (melded)
Jewellery
 p - a ring of protection from magic (left branch)
 w - a ring of positive energy (right branch)
Scrolls
 a - a scroll of fog
 j - a scroll of identify
 s - a scroll of immolation
 v - a scroll of blinking
Books
 e - a book of Geomancy

   Spells                             Type                      Level
   a - Sandblast                      Earth                        1
   b - Passwall                       Transmutation/Earth          2
   c - Stone Arrow                    Conjuration/Earth            3
   d - Petrify                        Transmutation/Earth          4
   e - Lee's Rapid Deconstruction     Earth                        5
Comestibles
 d - 3 meat rations
 f - 4 chunks of flesh
 m - 4 royal jellies


   Skills:
 + Level 0.2 Fighting
 + Level 1.1 Short Blades
 + Level 0.1 Axes
 + Level 0.1 Armour
 + Level 3.1 Dodging
 + Level 3.3 Stealth
 + Level 0.2 Unarmed Combat
 + Level 4.0 Spellcasting
 + Level 0.8 Conjurations
 + Level 1.0 Transmutations
 + Level 4.5 Earth Magic


You had 7 spell levels left.
You knew the following spells:

 Your Spells              Type           Power        Failure   Level  Hunger
a - Sandblast             Erth           ###...       2%          1    None
b - Passwall              Tmut/Erth      ##........   7%          2    ##.....
c - Stone Arrow           Conj/Erth      ##....       14%         3    ###....


Dungeon Overview and Level Annotations

Branches:
Dungeon (4/15)             Temple (1/1) D:4

Altars:
Ashenzari
Cheibriados
Dithmenos
Elyvilon
Fedhas
Gozag
Hepliaklqana
Kikubaaqudgha
Makhleb
Nemelex Xobeh
Okawaru
Qazlal
Ru
Sif Muna
Trog
Uskayaw
Vehumet
Xom
Yredelemnul
Zin
The Shining One

Annotations:
D:4 Pikel


Innate Abilities, Weirdness & Mutations

You are small and have problems with some larger weapons.
You are carnivorous and can eat meat at any time.


Message History

The slave is almost dead.
The slave hits you but does no damage.
You hit the slave. You burn the slave.
You kill the slave!
That felt strangely unrewarding.
Pikel waves a pair of manacles at you.
You closely miss Pikel.
Pikel is heavily wounded.
Pikel hits you but does no damage.
You closely miss Pikel.
Pikel is heavily wounded.
Pikel says, "You'll feel the lick of my whip!"
Pikel hits you but does no damage.
You are too berserk!
You slash Pikel! You burn Pikel.
Pikel is almost dead.
Pikel hits you with a whip of freezing.
* * * LOW HITPOINT WARNING * * *
Pikel freezes you.
You die...

#..≈≈§..## .
###......# ##.
#..###..# .###..
####..# #...
.#...######...>.##
#.#
.#.#.........##..#
.#
...#.........###.#
...#.........# #.#
......####..####♣#
....####.......#K#
.#..###..#...#...#
##.##...≈≈≈≈≈...#
#.##[#≈≈≈≈≈≈≈#.##
#)##..≈≈≈≈≈≈≈.[.#
#)#...≈≈≈.≈≈≈...#
#.).)≈≈≈≈≈≈≈≈...#
####.#≈≈≈≈≈≈≈#..#


You could see Pikel.

Vanquished Creatures
  3 slaves (D:4)
  A crocodile (Sewer)
  An orc wizard (D:4)
  A worker ant (D:4)
  An adder (D:1)
  An ooze (D:1)
  An adder skeleton (D:4)
  A worm (D:2)
  A dart slug (D:2)
  3 leopard geckos
  8 orcs (D:4)
  5 ball pythons
  3 giant cockroaches
  7 goblins
  4 hobgoblins
  5 jackals
  7 kobolds
  15 bats
  2 frilled lizards (D:2)
  4 rats (D:1)
74 creatures vanquished.

Notes
Turn   | Place    | Note
-------+----------+-------------------------------------------
     0 | D:1      | pstr the Kobold Earth Elementalist began the quest for the Orb.
     0 | D:1      | Reached XP level 1. HP: 10/10 MP: 3/3
   330 | D:1      | Reached XP level 2. HP: 15/15 MP: 0/5
   655 | D:1      | Reached XP level 3. HP: 19/19 MP: 4/6
   659 | D:1      | Learned a level 2 spell: Passwall
   663 | D:1      | Learned a level 3 spell: Stone Arrow
  2257 | D:2      | Reached XP level 4. HP: 24/24 MP: 0/8
  2989 | D:2      | You fall through a shaft for 2 floors!
  2989 | D:4      | Found a glowing drain.
  2995 | Sewer    | Entered a sewer
  3120 | Sewer    | Noticed a crocodile
  3153 | Sewer    | Killed a crocodile
  3153 | Sewer    | Reached skill level 1 in Short Blades
  3153 | Sewer    | Reached XP level 5. HP: 13/28 MP: 0/10
  3403 | D:4      | Reached XP level 6. HP: 14/32 MP: 0/11
  3518 | D:4      | Noticed a slave
  3523 | D:4      | Noticed a slave
  3525 | D:4      | Noticed a slave
  3525 | D:4      | Noticed Pikel
  3598 | D:4      | Found a staircase to the Ecumenical Temple.
  3610 | Temple   | Entered the Ecumenical Temple
  3682 | Temple   | Became a worshipper of Elyvilon the Healer
  3937 | D:4      | Killed a slave
  4061 | D:4      | HP: 1/72 [slave[Pikel] (4)]
  4063 | D:4      | Killed a slave
  4066 | D:4      | Killed a slave
  4069 | D:4      | HP: 1/72 [Pikel/whip of freezing (1)]
  4069 | D:4      | Slain by Pikel

Skill      XL: |  1  2  3  4  5  6 |
---------------+-------------------+-----
Stealth        | 3 |  3.3
Spellcasting   | 3 4 |  4.0
Short Blades   | 1 |  1.1
Earth Magic    | 4 |  4.5
Dodging        | 3 |  3.1
Fighting       | |  0.2
Axes           | |  0.1
Armour         | |  0.1
Unarmed Combat | |  0.2
Conjurations   | |  0.8
Transmutations | |  1.0

Action                   |  1- 3 |  4- 6 || total
-------------------------+-------+-------++-------
Melee: Unarmed           |    35 |       ||    35
       Dagger            |     2 |     8 ||    10
       Hand axe          |       |    23 ||    23
 Cast: Sandblast         |    35 |    35 ||    70
       Stone Arrow       |    21 |    19 ||    40
  Use: Scroll            |       |     5 ||     5
       Potion            |       |     5 ||     5
  Eat: Chunk             |    15 |     7 ||    22
Armor: Robe              |    13 |     7 ||    20
       Leather armour    |       |    11 ||    11
       Skin              |       |     6 ||     6
Dodge: Dodged            |    78 |    77 ||   155
